 Dungeon Crawl Stone Soup version 0.21.1-1-g345015f (webtiles) character file.

267263 twistedcrescendo the Slayer (level 19, -2/300 HPs)
             Began as a Minotaur Berserker on June 29, 2018.
             Was the Champion of Trog.
             Slain by Jory
             ... wielding a +1 glaive of freezing
              (6 damage)
             ... on level 2 of the Vaults on June 30, 2018.
             The game lasted 05:04:34 (27476 turns).

twistedcrescendo the Slayer (Minotaur Berserker)   Turns: 27476, Time: 05:04:35

Health: -2/300     AC: 30    Str: 32    XL:     19   Next: 34%
Magic:  31/31      EV: 22    Int:  5    God:    Trog [******]
Gold:   1365       SH: 18    Dex: 26    Spells: 18/18 levels left

rFire    + + +     SeeInvis .   s - +2 broad axe of Enon {holy, +Blink rPois rN+ Str-3 Dex+3}
rCold    x . .     Gourm    .   Z - +2 shield {reflect}
rNeg     + + .     Faith    .   M - +0 plate armour {MR+}
rPois    +         Spirit   .   O - +3 hat of Pondering {ponderous, MR+ MP+10 Int+5}
rElec    +         Reflect  +   J - +1 cloak {+Inv}
rCorr    .         Harm     .   D - +2 pair of gloves
MR       +++++                  S - +1 pair of boots
Stlth    ..........             o - amulet of the Ego {+Rage rElec rF+ Int-2 Dex+7}
HPRegen  2.00/turn              b - ring of Caloomiucw {rF+ MR+ Str+2}
MPRegen  0.22/turn              k - ring "Unkupnao" {rF+ rC- rN+ EV+4 Str+2}

@: berserking, regenerating, very quick
A: retaliatory headbutt, horns 2, blink, dopey 1, regeneration 1, strong 1
}: 2/15 runes: serpentine, barnacled
a: Blink, Berserk, Trog's Hand, Brothers in Arms, Burn Spellbooks, Renounce
Religion, Evoke Blink, Evoke Berserk Rage, Evoke Invisibility


You were on level 2 of the Vaults.
You worshipped Trog.
Trog was exalted by your worship.
You were very hungry.

You visited 6 branches of the dungeon, and saw 31 of its levels.

You collected 2729 gold pieces.
You spent 1364 gold pieces at shops.

Inventory:

Hand Weapons
 s - the +2 broad axe of Enon (weapon) {holy, +Blink rPois rN+ Str-3 Dex+3}
   (Trog gifted it to you on level 2 of the Shoals)

   It has been blessed by the Shining One to cause great damage to the undead
   and demons.
   It affects your strength (-3).
   It affects your dexterity (+3).
   It protects you from poison.
   It protects you from negative energy.
   It lets you blink.
 w - a +9 eveningstar of protection
 y - a +9 broad axe of electrocution
 C - the +7 broad axe "Ikyot" {freeze, rPois rC- rN+}
   (You found it on level 3 of the Lair of Beasts)

   It has been specially enchanted to freeze those struck by it, causing extra
   injury to most foes and up to half again as much damage against particularly
   susceptible opponents.
   It can also slow down cold-blooded creatures.
   It makes you vulnerable to cold.
   It protects you from poison.
   It protects you from negative energy.
 E - the +9 morningstar of the Chickpea {drain, Int+3 Dex+2 SInv}
   (You found it on level 12 of the Dungeon)

   A truly terrible weapon, it drains the life of those it strikes.
   It affects your intelligence (+3).
   It affects your dexterity (+2).
   It lets you see invisible.
Missiles
 l - 409 sling bullets
Armour
 u - +0 acid dragon scales
 D - a +2 pair of gloves (worn)
 J - a +1 cloak of invisibility (worn)
 K - +0 fire dragon scales
 M - a +0 plate armour of magic resistance (worn)
 O - the +3 hat of Pondering (worn) {ponderous, MR+ MP+10 Int+5}
   (You took it off Gastronok on level 9 of the Dungeon)

   It affects your intelligence (+5).
   It affects your resistance to hostile enchantments.
   It affects your magic capacity (+10).
 S - a +1 pair of boots (worn)
 Z - a +2 shield of reflection (worn)
Jewellery
 b - the ring of Caloomiucw (left hand) {rF+ MR+ Str+2}
   (You found it on level 4 of the Shoals)

   [ring of protection from fire]

   It affects your strength (+2).
   It protects you from fire.
   It affects your resistance to hostile enchantments.
 k - the ring "Unkupnao" (right hand) {rF+ rC- rN+ EV+4 Str+2}
   (You found it on level 6 of the Lair of Beasts)

   [ring of evasion]

   It affects your evasion (+4).
   It affects your strength (+2).
   It protects you from fire.
   It makes you vulnerable to cold.
   It protects you from negative energy.
 o - the amulet of the Ego (around neck) {+Rage rElec rF+ Int-2 Dex+7}
   (You bought it in a shop on level 10 of the Dungeon)

   [amulet of rage]

   It affects your intelligence (-2).
   It affects your dexterity (+7).
   It protects you from fire.
   It insulates you from electricity.
   It lets you go berserk.
 q - an uncursed ring of poison resistance
 F - an uncursed ring of see invisible
 Y - an uncursed ring of positive energy
Wands
 e - a wand of iceblast (31)
 v - a wand of flame (155)
 x - a wand of disintegration (38)
 L - a wand of paralysis (43)
 R - a wand of polymorph (37)
 V - a wand of clouds (2)
Scrolls
 a - 8 scrolls of remove curse
 g - 8 scrolls of magic mapping
 h - 11 scrolls of teleportation
 i - a scroll of blinking
 m - 9 scrolls of identify
 n - 2 scrolls of summoning
 p - 5 scrolls of fog
 t - 2 scrolls of fear
 A - 7 scrolls of immolation
 N - a scroll of enchant armour
Potions
 f - a potion of magic
 j - 8 potions of curing
 r - 5 potions of flight
 z - 3 potions of haste
 B - 2 potions of resistance
 G - a potion of lignification
 H - a potion of heal wounds
 T - 4 potions of cancellation
Books
 I - Roxanne's Collected Works on Clay
   (You took it off Roxanne on level 3 of the Shoals)

   Spells                             Type                      Level
   a - Sandblast                      Earth                        1
   b - Stone Arrow                    Conjuration/Earth            3
   c - Leda's Liquefaction            Hexes/Earth                  4
   d - Petrify                        Transmutation/Earth          4
   e - Statue Form                    Transmutation/Earth          6
   Trog disapproves of the use of such an item.
 X - a book of Transfigurations

   Spells                             Type                      Level
   a - Irradiate                      Conjuration/Transmutation    5
   b - Statue Form                    Transmutation/Earth          6
   c - Hydra Form                     Transmutation                6
   d - Dragon Form                    Transmutation                7
   Trog disapproves of the use of such an item.
Miscellaneous
 d - a lightning rod (4/4)
 W - a fan of gales
Comestibles
 c - 37 rations
 P - 4 chunks of flesh


   Skills:
 + Level 24.6 Fighting
 - Level 14.9(16.4) Axes
 + Level 12.0(15.0) Maces & Flails
 - Level 16.9 Armour
 - Level 11.4 Dodging
 - Level 15.0 Shields
 - Level 5.0 Evocations


You had 18 spell levels left.
You didn't know any spells.

Dungeon Overview and Level Annotations

Branches:
Dungeon (13/15)            Temple (0/1) D:4            Lair (6/6) D:10
 Shoals (4/4) Lair:3        Snake (4/4) Lair:4        Slime (0/5) Lair:6
    Orc (2/2) D:11            Elf (0/3) Orc:2        Vaults (2/5) D:13
  Crypt: Vaults:2-3

Altars:
Ashenzari
Elyvilon
Gozag
Makhleb
Okawaru
Trog
Vehumet
Wu Jian
Xom
Yredelemnul
Beogh

Shops:
D:4 :   D:7 (   D:10 =   Orc:1 [   Orc:2 *?((   Shoals:1 (?   Shoals:3 [
Snake:4 =}=

Portals:
Hell: Lair:6

Annotations:
Vaults:2 Jory


Innate Abilities, Weirdness & Mutations

You reflexively headbutt those who attack you in melee.
You have a pair of horns on your head.
You can translocate small distances at will.
You are dopey. (Int -2)
Your natural rate of healing is unusually fast.
Your muscles are strong. (Str +2)


Message History

You headbutt the very large slime creature.
You slash Jory!
Jory convulses!
Jory is almost destroyed.
You closely miss the orc knight.
You slash the very large slime creature!
You slice the slime creature!!
You kill the slime creature!
Trog accepts your kill.
You barely miss the yaktaur captain. You block the orc knight's attack.
You closely miss Jory.
Jory is almost destroyed.
You slash the yaktaur captain!
You slash the very large slime creature!
You slice the orc knight!!
You kill the orc knight!
Trog accepts your kill.
Jory hits you with a glaive of freezing!!
* * * LOW HITPOINT WARNING * * *
Jory freezes you.
You die...

... .... ...
#######'#'######'#######
#(.#..#.................
(..#..#.................
#..'..#...(....(...c.(..
#..#..#.)...(..J)V......
#..#..+..(..(..)@cc.....
#..#..#...((.(()))c.c...
#(.#..#...(.............
#..#..#..()(............
#..#..#.)............o..
#..#..#))(..............
#..#..+(((()............
#######)(..)(.(..)......
#(#########++#####


You could see Jory, a yaktaur captain, a very large slime creature, 4 yaktaurs
and an orc.

Vanquished Creatures
  Bai Suzhen (Snake:4)
  Nikola (Snake:4)
  Agnes (Snake:4)
  Gastronok (D:9)
  Polyphemus (Shoals:3)
  Donald (Snake:2)
  8 nagarajas
  Ilsuiw (Shoals:4)
  Roxanne (Shoals:3)
  3 frost giants
  4 vault wardens
  Aizul (Snake:4)
  5 ironheart preservers
  A stone giant (Vaults:2)
  11 merfolk javelineers
  A deep elf death mage (Vaults:1)
  2 fire dragons (Vaults:1)
  12 merfolk impalers
  3 yaktaur captains
  13 hydras
  10 vault guards
  14 naga warriors
  Erolcha (D:11)
  2 ice dragons (Vaults:1)
  2 catoblepae
  9 centaur warriors
  A death knight (Vaults:2)
  2 merfolk avatars
  3 alligator snapping turtles
  10 two-headed ogres
  5 anacondas
  5 merfolk aquamancers
  2 satyrs
  4 ogre magi
  10 naga sharpshooters
  10 death yaks
  4 orc high priests (Orc:2)
  7 shock serpents
  A tengu warrior (D:13)
  2 deep elf knights (Vaults:1)
  Sonja (D:10)
  A sun demon (Lair:6)
  2 salamander mystics (Snake:2)
  2 skeletal warriors (D:12)
  A flayed ghost (Vaults:2)
  2 unseen horrors
  5 naga ritualists
  2 wizards
  7 sea snakes
  3 phantasmal warriors
  6 ironbrand convokers
  7 orc sorcerers
  3 mana vipers
  21 harpies
  6 cyclopes
  The ghost of Exporg the Shield-Bearer, a novice FoFi (D:5)
  15 manticores
  7 orc knights
  A wolf spider (Vaults:2)
  13 salamanders
  3 deep elf magi
  9 ugly things
  11 fauns
  2 elephants
  The ghost of dscm the Covert, a novice OpNe of Uskayaw (D:9)
  A centaur zombie (D:13)
  3 vault sentinels (Vaults:2)
  9 merfolk sirens
  33 black mambas
  3 guardian serpents
  27 naga magi
  Maurice (D:10)
  2 water nymphs
  Joseph (D:7)
  3 gargoyles
  4 yaktaurs
  12 spiny frogs
  7 komodo dragons
  A komodo dragon (shapeshifter) (D:12)
  2 rime drakes (Lair:6)
  A freezing wraith (Vaults:2)
  A hellwing (Lair:6)
  3 ice devils (Lair:6)
  8 trolls
  3 red devils (Lair:6)
  24 merfolk
  14 slime creatures
  6 wind drakes
  A sphinx simulacrum (Vaults:1)
  6 snapping turtles
  A human simulacrum (Vaults:1)
  12 dream sheep
  10 hippogriffs
  17 flying skulls (D:12)
  8 redbacks (Snake:2)
  A redback (shapeshifter) (Vaults:2)
  14 water elementals
  2 shadows (D:13)
  3 wraiths
  41 yaks
  4 wyverns
  A steam dragon (D:7)
  6 basilisks
  A vampire (D:13)
  Eustachio (D:4)
  A human (D:13)
  5 vampire mosquitoes
  Grum (D:10)
  2 hungry ghosts
  52 nagas
  6 wargs (Orc:2)
  13 water moccasins
  An acid dragon (D:13)
  4 hell hounds (Lair:6)
  27 orc warriors
  10 porcupines
  5 sky beasts
  2 ice beasts
  The ghost of bmj180 the Chopper, an amateur HOFi (D:3)
  6 phantoms
  2 eyes of draining
  24 ogres
  14 centaurs
  14 wolves
  12 crocodiles
  2 big kobolds
  12 bullfrogs
  A wyvern zombie (D:13)
  Blork the orc (D:4)
  2 gnoll sergeants
  A wyvern skeleton (D:10)
  A water moccasin skeleton (D:10)
  7 scorpions
  7 killer bees
  23 wights
  6 howler monkeys (D:9)
  13 crimson imps
  3 bullfrog zombies
  A jelly (D:9)
  7 centaur skeletons
  4 hounds
  A quasit (D:12)
  50 orc priests
  3 bullfrog skeletons
  24 orc wizards
  Jessica (D:3)
  Natasha (thrice) (D:2)
  10 iguanas
  9 worker ants
  2 hound zombies
  Robin (D:3)
  10 gnolls
  12 adders
  3 shadow imps
  An ooze (D:2)
  A worm (D:2)
  3 dart slugs
  6 leopard geckos
  99 orcs
  2 ball pythons
  3 giant cockroaches
  16 goblins
  5 hobgoblins
  11 quokkas
  7 bats
  6 frilled lizards
  A giant cockroach zombie (D:2)
  A jackal skeleton (D:4)
  7 kobolds
  A leopard gecko skeleton (D:4)
  A quokka skeleton (D:7)
  2 quokka zombies (D:10)
  8 rats
  2 fungi
  9 plants
1220 creatures vanquished.

Vanquished Creatures (others)
  A centaur warrior (D:13)
  A naga warrior (Snake:4)
  A naga mage (Snake:4)
  3 yaktaurs (Vaults:2)
  A merfolk (Shoals:4)
  3 nagas (Snake:4)
  An orc warrior (D:13)
  6 centaurs
  2 orcs (Vaults:1)
  4 fungi
  12 plants
35 creatures vanquished.

Grand Total: 1255 creatures vanquished

Notes
Turn   | Place    | Note
-------+----------+-------------------------------------------
     0 | D:1      | twistedcrescendo the Minotaur Berserker began the quest for the Orb.
     0 | D:1      | Reached XP level 1. HP: 19/19 MP: 0/0
   149 | D:1      | Reached skill level 4 in Fighting
   161 | D:1      | Reached XP level 2. HP: 27/27 MP: 1/1
   287 | D:1      | Reached ** piety under Trog
   794 | D:2      | Reached XP level 3. HP: 34/34 MP: 2/2
  1073 | D:2      | Noticed Natasha
  1076 | D:2      | Found a white marble altar of Elyvilon.
  1078 | D:2      | Killed Natasha
  1078 | D:2      | Reached skill level 5 in Fighting
  1078 | D:2      | Reached skill level 5 in Maces & Flails
  1078 | D:2      | Reached XP level 4. HP: 33/42 MP: 3/3
  1148 | D:2      | Found a basalt altar of Yredelemnul.
  1311 | D:2      | Noticed Natasha
  1319 | D:2      | Killed Natasha
  1373 | D:2      | Found a bloodstained altar of Trog.
  1470 | D:2      | Noticed Natasha
  1478 | D:2      | Killed Natasha
  1478 | D:2      | Reached XP level 5. HP: 44/48 MP: 4/4
  1487 | D:3      | Found an opulent altar of Gozag.
  1602 | D:3      | Reached *** piety under Trog
  1631 | D:3      | Noticed Robin
  1632 | D:3      | Noticed bmj180's ghost (amateur HOFi)
  1639 | D:3      | Killed Robin
  1650 | D:3      | Killed bmj180's ghost
  1650 | D:3      | Reached skill level 6 in Fighting
  2147 | D:3      | Noticed Jessica
  2159 | D:3      | Killed Jessica
  2159 | D:3      | Reached XP level 6. HP: 44/58 MP: 5/5
  2264 | D:4      | Found a white marble altar of Elyvilon.
  2266 | D:4      | Found a shadowy altar of Dithmenos.
  2266 | D:4      | Found a white marble altar of Elyvilon.
  2268 | D:4      | Found a glowing golden altar of the Shining One.
  2268 | D:4      | Found a shimmering altar of Xom.
  2268 | D:4      | Found a blossoming altar of Fedhas.
  2313 | D:4      | Got a slimy war axe
  2314 | D:4      | Identified the +6 war axe "Mit Kab" {freeze, *Drain +Rage Str+9} (You found it on level 4 of the Dungeon)
  2336 | D:4      | Reached skill level 1 in Axes
  2454 | D:4      | Found a staircase to the Ecumenical Temple.
  2482 | D:4      | Found a basalt altar of Yredelemnul.
  2590 | D:4      | Found Ruczeat's Book Shoppe.
  2619 | D:4      | Noticed Blork the orc
  2628 | D:4      | Killed Blork the orc
  2876 | D:4      | Reached skill level 7 in Fighting
  2876 | D:4      | Reached XP level 7. HP: 66/66 MP: 6/6
  2990 | D:4      | Noticed Eustachio
  2997 | D:4      | Killed Eustachio
  3134 | D:5      | Entered Level 5 of the Dungeon
  3183 | D:5      | Noticed Exporg's ghost (novice FoFi)
  3194 | D:5      | Killed Exporg's ghost
  3194 | D:5      | Reached skill level 8 in Fighting
  3194 | D:5      | Reached XP level 8. HP: 8/74 MP: 7/7
  4068 | D:6      | Noticed a two-headed ogre
  4069 | D:6      | Found a shattered altar of Ashenzari.
  4074 | D:6      | Killed a two-headed ogre
  4074 | D:6      | Reached skill level 9 in Fighting
  4074 | D:6      | Reached XP level 9. HP: 44/84 MP: 8/8
  4077 | D:6      | Reached skill level 10 in Axes
  4138 | D:6      | Reached **** piety under Trog
  4215 | D:6      | Reached skill level 10 in Fighting
  4377 | D:6      | Received a gift from Trog
  4899 | D:7      | Found Fohaveimm's Antique Weapon Emporium.
  4926 | D:7      | Got a wizard robe
  4957 | D:7      | Identified the cursed +0 robe "Maijeil" {Int+4} (You found it on level 7 of the Dungeon)
  5003 | D:7      | Noticed Joseph
  5009 | D:7      | Killed Joseph
  5009 | D:7      | Reached skill level 5 in Armour
  5010 | D:7      | Received a gift from Trog
  5051 | D:7      | Reached XP level 10. HP: 56/94 MP: 9/9
  5245 | D:7      | Reached skill level 11 in Fighting
  5248 | D:7      | Reached skill level 5 in Dodging
  5448 | D:6      | Found an iron altar of Okawaru.
  5448 | D:6      | Found an ornate altar of the Wu Jian Council.
  5605 | D:8      | Found a radiant altar of Vehumet.
  5685 | D:8      | Noticed a two-headed ogre
  5696 | D:8      | Killed a two-headed ogre
  6211 | D:9      | Noticed Gastronok
  6222 | D:9      | Killed Gastronok
  6222 | D:9      | Reached skill level 12 in Fighting
  6326 | D:9      | Reached ***** piety under Trog
  6331 | D:9      | Reached XP level 11. HP: 95/105 MP: 10/10
  6363 | D:9      | Noticed dscm's ghost (novice OpNe)
  6370 | D:9      | Killed dscm's ghost
  6529 | D:9      | Received a gift from Trog
  6758 | D:10     | Entered Level 10 of the Dungeon
  6886 | D:10     | Reached skill level 13 in Fighting
  6888 | D:10     | Found a staircase to the Lair.
  6941 | D:10     | Found Ivuupluk's Jewellery Shoppe.
  6955 | D:10     | Bought an uncursed ring of poison resistance for 220 gold pieces
  6970 | D:10     | Found an iron altar of Okawaru.
  7047 | D:10     | Noticed Grum
  7054 | D:10     | Killed Grum
  7110 | D:10     | Noticed a two-headed ogre
  7117 | D:10     | Killed a two-headed ogre
  7117 | D:10     | Reached skill level 10 in Armour
  7249 | D:10     | Noticed Sonja
  7261 | D:10     | Killed Sonja
  7261 | D:10     | Reached skill level 1 in Evocations
  7618 | D:10     | Noticed Maurice
  7631 | D:10     | Killed Maurice
  7726 | D:11     | Found a staircase to the Orcish Mines.
  7856 | D:11     | Noticed a two-headed ogre
  7862 | D:11     | Killed a two-headed ogre
  7862 | D:11     | Reached XP level 12. HP: 109/116 MP: 12/12
  8114 | D:11     | Noticed Erolcha
  8123 | D:11     | Killed Erolcha
  8645 | Orc:1    | Entered Level 1 of the Orcish Mines
  8649 | Orc:1    | Received a gift from Trog
  8651 | Orc:1    | Reached skill level 10 in Dodging
  8715 | Orc:1    | Found Cogiosucs's Armour Shop.
  8799 | Orc:1    | Paralysed by an orc sorcerer for 7 turns
  8808 | Orc:1    | Paralysed by an orc sorcerer for 5 turns
  8822 | Orc:1    | Reached skill level 14 in Fighting
  9537 | Orc:2    | Entered Level 2 of the Orcish Mines
  9543 | Orc:2    | Found a roughly hewn altar of Beogh.
  9728 | Orc:2    | Reached skill level 5 in Evocations
  9772 | Orc:2    | Noticed an orc high priest
  9773 | Orc:2    | Received a gift from Trog
  9810 | Orc:2    | Killed an orc high priest
 10147 | Orc:2    | Noticed an orc high priest
 10153 | Orc:2    | Received a gift from Trog
 10154 | Orc:2    | Reached ****** piety under Trog
 10156 | Orc:2    | Noticed an orc high priest
 10160 | Orc:2    | Killed an orc high priest
 10166 | Orc:2    | Killed an orc high priest
 10333 | Orc:2    | Found a roughly hewn altar of Beogh.
 10343 | Orc:2    | Found a staircase to the Elven Halls.
 10359 | Orc:2    | Found Qoilayn's General Store.
 10359 | Orc:2    | Found Aqyat's Magic Scroll Shoppe.
 10363 | Orc:2    | Bought a potion of mutation for 104 gold pieces
 10429 | Orc:2    | Found Orukeh's Weapon Shoppe.
 10451 | Orc:2    | Found Wiaceh's Antique Weapon Shop.
 10451 | Orc:2    | Noticed an orc high priest
 10476 | Orc:2    | Gained mutation: You expend magic power (3 MP) to strengthen your wands. [a neqoxec]
 10481 | Orc:2    | Killed an orc high priest
 10930 | D:10     | Bought the amulet of the Ego {+Rage rElec rF+ Int-2 Dex+7} for 786 gold pieces
 10938 | Lair:1   | Entered Level 1 of the Lair of Beasts
 10979 | Lair:1   | Reached XP level 13. HP: 86/125 MP: 15/15
 11277 | Lair:1   | Received a gift from Trog
 11277 | Lair:1   | Reached skill level 15 in Fighting
 11816 | Lair:2   | Lost mutation: You expend magic power (3 MP) to strengthen your wands. [potion of mutation]
 11816 | Lair:2   | Gained mutation: Armour fits poorly on your strangely shaped body. [potion of mutation]
 11816 | Lair:2   | Gained mutation: You possess an exceptional clarity of mind. [potion of mutation]
 11817 | Lair:2   | Lost mutation: Armour fits poorly on your strangely shaped body. [potion of mutation]
 11817 | Lair:2   | Lost mutation: You possess an exceptional clarity of mind. [potion of mutation]
 11817 | Lair:2   | Gained mutation: You can translocate small distances at will. [potion of mutation]
 11817 | Lair:2   | Gained mutation: Your muscles are strong. (Str +2) [potion of mutation]
 11817 | Lair:2   | Gained mutation: You are dopey. (Int -2) [potion of mutation]
 11817 | Lair:2   | Gained mutation: Your natural rate of healing is unusually fast. [potion of mutation]
 12645 | Lair:3   | Got a warped broad axe
 12646 | Lair:3   | Identified the +7 broad axe "Ikyot" {freeze, rPois rC- rN+} (You found it on level 3 of the Lair of Beasts)
 12913 | Lair:3   | Found a staircase to the Shoals.
 13459 | Lair:4   | Found a staircase to the Snake Pit.
 14198 | Lair:5   | Received a gift from Trog
 14222 | Lair:5   | Reached skill level 16 in Fighting
 14912 | Lair:6   | Entered Level 6 of the Lair of Beasts
 15250 | Lair:6   | Reached XP level 14. HP: 122/138 MP: 16/16
 15882 | Lair:6   | Reached skill level 17 in Fighting
 15999 | Lair:6   | Got a faintly humming leather armour
 16006 | Lair:6   | Reached skill level 10 in Maces & Flails
 16008 | Lair:6   | Found a staircase to the Slime Pits.
 16292 | Lair:6   | Received a gift from Trog
 16344 | Lair:6   | Found a burning altar of Makhleb.
 16357 | Lair:6   | Reached skill level 15 in Armour
 16396 | Lair:6   | Found a gateway to Hell.
 16407 | Lair:6   | Got a crude bronze ring
 16409 | Lair:6   | Identified the ring "Unkupnao" {rF+ rC- rN+ EV+4 Str+2} (You found it on level 6 of the Lair of Beasts)
 16461 | Lair:6   | Identified the cursed +0 leather armour of Royalty {rF+ Dex+4} (You found it on level 6 of the Lair of Beasts)
 16734 | Snake:1  | Entered Level 1 of the Snake Pit
 17842 | Snake:2  | Noticed a nagaraja
 17848 | Snake:2  | Killed a nagaraja
 17860 | Snake:2  | Reached skill level 18 in Fighting
 17990 | Snake:2  | Received a gift from Trog
 17993 | Snake:2  | Got a scorched great mace {god gift}
 17999 | Snake:2  | Identified the +8 great mace "Jeuduid" {crush, +Inv rN+ Stlth-} (Trog gifted it to you on level 2 of the Snake Pit)
 18149 | Snake:2  | Reached XP level 15. HP: 101/149 MP: 17/17
 18360 | Snake:2  | Noticed Donald
 18392 | Snake:2  | Killed Donald
 18834 | Snake:3  | Received a gift from Trog
 18897 | Snake:3  | Reached skill level 1 in Shields
 19086 | Snake:3  | Noticed a nagaraja
 19102 | Snake:3  | Killed a nagaraja
 19223 | Snake:3  | Reached skill level 19 in Fighting
 19307 | Snake:4  | Entered Level 4 of the Snake Pit
 19318 | Snake:4  | Noticed a nagaraja
 19319 | Snake:4  | Noticed Bai Suzhen
 19336 | Snake:4  | Killed a nagaraja
 19347 | Snake:4  | Killed Bai Suzhen
 19347 | Snake:4  | Reached skill level 5 in Shields
 19352 | Snake:4  | Noticed a nagaraja
 19354 | Snake:4  | Noticed Nikola
 19486 | Snake:4  | Noticed Aizul
 19486 | Snake:4  | Killed a nagaraja
 19492 | Snake:4  | Killed Nikola
 19496 | Snake:4  | Killed Aizul
 19496 | Snake:4  | Received a gift from Trog
 19505 | Snake:4  | Reached XP level 16. HP: 67/161 MP: 18/18
 19715 | Snake:4  | Found Oxkohes's Jewellery Shop.
 19715 | Snake:4  | Found Vos Vomn's Gadget Emporium.
 19716 | Snake:4  | Found Dipuoh's Jewellery Shop.
 19785 | Snake:4  | Noticed Agnes
 19796 | Snake:4  | Killed Agnes
 19910 | Snake:4  | Reached skill level 20 in Fighting
 19935 | Snake:4  | Received a gift from Trog
 20250 | Snake:4  | Got a serpentine rune of Zot
 20737 | Shoals:1 | Entered Level 1 of the Shoals
 20949 | Shoals:1 | Found Geuv Bad's Weapon Shoppe.
 21057 | Shoals:1 | You fall through a shaft!
 21061 | Shoals:2 | Reached skill level 10 in Shields
 21077 | Shoals:2 | Received a gift from Trog
 21356 | Shoals:2 | Reached XP level 17. HP: 154/172 MP: 19/19
 21365 | Shoals:2 | Received a gift from Trog
 21373 | Shoals:2 | Got a fine broad axe {god gift}
 21386 | Shoals:2 | Identified the +2 broad axe of Enon {holy, +Blink rPois rN+ Str-3 Dex+3} (Trog gifted it to you on level 2 of the Shoals)
 21669 | Shoals:3 | Noticed Roxanne
 21750 | Shoals:3 | Killed Roxanne
 21751 | Shoals:3 | Identified Roxanne's Collected Works on Clay (You took it off Roxanne on level 3 of the Shoals)
 22000 | Shoals:3 | Noticed Polyphemus
 22009 | Shoals:3 | Killed Polyphemus
 22013 | Shoals:3 | Reached skill level 21 in Fighting
 22044 | Shoals:3 | Found Zewnutuv's Antique Armour Boutique.
 22280 | Shoals:4 | Entered Level 4 of the Shoals
 22321 | Shoals:4 | Noticed Ilsuiw
 22345 | Shoals:4 | Killed Ilsuiw
 22566 | Shoals:4 | Got a wavering glass ring
 22567 | Shoals:4 | Identified the ring of Caloomiucw {rF+ MR+ Str+2} (You found it on level 4 of the Shoals)
 22635 | Shoals:4 | Received a gift from Trog
 23746 | Shoals:4 | Reached skill level 22 in Fighting
 23747 | Shoals:4 | Reached XP level 18. HP: 117/184 MP: 20/20
 23801 | Shoals:4 | Got a barnacled rune of Zot
 24007 | Shoals:1 | Found Axtoanus's Magic Scroll Shop.
 24015 | Shoals:1 | Bought a scroll of enchant armour for 127 gold pieces
 24015 | Shoals:1 | Bought a scroll of enchant armour for 127 gold pieces
 24383 | D:12     | Received a gift from Trog
 24792 | D:12     | Received a gift from Trog
 24854 | D:12     | Found the +3 giant club "Skullcrusher" {speed, Str+7}
 25058 | D:12     | Reached skill level 15 in Shields
 25120 | D:12     | Got a pitted morningstar
 25121 | D:12     | Identified the +9 morningstar of the Chickpea {drain, Int+3 Dex+2 SInv} (You found it on level 12 of the Dungeon)
 25441 | D:13     | Received a gift from Trog
 25737 | D:13     | Reached skill level 23 in Fighting
 25771 | D:13     | Found a gate to the Vaults.
 25806 | Vaults:1 | Entered Level 1 of the Vaults
 26191 | Vaults:1 | Received a gift from Trog
 26315 | Vaults:1 | Reached skill level 24 in Fighting
 26691 | Vaults:1 | Reached XP level 19. HP: 187/198 MP: 21/21
 27368 | Vaults:2 | Received a gift from Trog
 27444 | Vaults:2 | Noticed Jory
 27476 | Vaults:2 | HP: 4/300 [Jory/glaive of freezing (19)]
 27476 | Vaults:2 | Slain by Jory

Skill      XL: |  1  2  3  4  5  6  7  8  9 10 11 12 13 14 15 16 17 18 19 |
---------------+----------------------------------------------------------+-----
Fighting       | 4 5 6 7 8 9 10 12 13 14 16 18 19 20 22 24 | 24.6
Maces & Flails | 4 5 6 8 10 12 | 12.0
Axes           | 4 6 9 10 12 14 | 14.9
Armour         | 5 8 10 12 14 16 | 16.9
Dodging        | 4 7 9 11 | 11.4
Evocations     | 2 5 |  5.0
Shields        | 6 10 13 15 | 15.0

Action                   |  1- 3 |  4- 6 |  7- 9 | 10-12 | 13-15 | 16-18 | 19-21 || total
-------------------------+-------+-------+-------+-------+-------+-------+-------++-------
Melee: Mace              |    51 |    76 |       |       |   255 |       |       ||   382
       Headbutt          |     8 |    20 |    24 |   144 |   291 |   398 |    52 ||   937
       War axe           |       |    24 |   113 |   595 |   126 |       |       ||   858
       Broad axe         |       |       |       |       |   349 |  1185 |   118 ||  1652
       Great mace        |       |       |       |       |    56 |       |       ||    56
       Dire flail        |       |       |       |       |    10 |       |       ||    10
       Eveningstar       |       |       |       |       |       |    35 |    35 ||    70
 Fire: Hunting sling     |    12 |       |       |       |       |       |       ||    12
Invok: Berserk           |       |       |     2 |     4 |     8 |     6 |     1 ||    21
       Trog's Hand       |       |       |       |     1 |       |     3 |     1 ||     5
       Burn Spellbooks   |       |       |       |       |     1 |     1 |       ||     2
 Abil: Blink             |       |       |       |       |     1 |       |       ||     1
       Evoke Invisibilit |       |       |       |       |       |     1 |       ||     1
Evoke: Wand              |       |       |       |     3 |     7 |       |       ||    10
  Use: Scroll            |       |     2 |    11 |     2 |    19 |    13 |       ||    47
       Potion            |       |       |     5 |     6 |     9 |     8 |       ||    28
 Stab: Sleeping          |       |       |       |     2 |       |       |       ||     2
       Paralysed         |       |       |       |       |     9 |       |       ||     9
       Petrified         |       |       |       |       |       |     8 |       ||     8
       Invisible         |       |       |       |       |       |     2 |       ||     2
  Eat: Chunk             |       |     6 |     6 |    27 |    35 |    27 |     3 ||   104
       Ration            |       |       |     1 |       |     1 |     2 |       ||     4
Armor: Ring mail         |    32 |    13 |    13 |    29 |   233 |       |       ||   320
       Leather armour    |       |     5 |     1 |       |       |       |       ||     6
       Chain mail        |       |       |    15 |   124 |    12 |       |       ||   151
       Skin              |       |       |       |     4 |       |       |       ||     4
       Plate armour      |       |       |       |       |    95 |   453 |    45 ||   593
Dodge: Dodged            |    48 |    46 |    46 |   212 |   707 |   834 |   103 ||  1996
Block: Shield            |       |       |    10 |   241 |   445 |   872 |   128 ||  1696
       Reflection        |       |       |       |       |     9 |   143 |    45 ||   197
